 Dungeon Crawl Stone Soup version 0.19-a0-975-gfff5315 (webtiles) character file.

74 4thArraOfDagon the Firebug (level 4, 0/24 HPs)
             Began as a Deep Elf Fire Elementalist on July 13, 2016.
             Slain by a giant gecko (4 damage)
             ... on level 5 of the Dungeon.
             The game lasted 00:03:35 (602 turns).

4thArraOfDagon the Firebug (DEFE)                    Turns: 602, Time: 00:03:36

Health: 0/24       AC:  2    Str:  5    XL:     4   Next: 10%
Magic:  6/11       EV: 13    Int: 21    God:
Gold:   106        SH:  0    Dex: 15    Spells: 3 memorised, 2 levels left

rFire  . . .     SeeInvis .     e - +0 short sword
rCold  . . .     Gourm    .     a - +0 robe
rNeg   . . .     Faith    .     (no shield)
rPois  .         Spirit   .     (no helmet)
rElec  .         Dismiss  .     (no cloak)
rCorr  .         Reflect  .     (no gloves)
SustAt .         Harm     .     (no boots)
MR     .....                    (no amulet)
Stlth  ++........               (no ring)
                                (no ring)

@: very slightly contaminated, hasted, very quick, not resistant to hostile
enchantments, unstealthy
A: no striking features
a: no special abilities


You were on level 5 of the Dungeon.
You were not hungry.

You visited 1 branch of the dungeon, and saw 5 of its levels.

You collected 106 gold pieces.

Inventory:

Hand Weapons
 e - a +0 short sword (weapon)
Armour
 a - a +0 robe (worn)
Scrolls
 f - 2 scrolls of identify {unknown}
 j - 3 scrolls of noise {unknown}
Potions
 k - a potion of cure mutation
Books
 b - a book of Flames

   Spells                             Type                      Level
   a - Flame Tongue                   Conjuration/Fire             1
   b - Throw Flame                    Conjuration/Fire             2
   c - Conjure Flame                  Conjuration/Fire             3
   d - Inner Flame                    Hexes/Fire                   3
   e - Sticky Flame                   Conjuration/Fire             4
   f - Fireball                       Conjuration/Fire             5
Comestibles
 c - 3 bread rations
 g - 9 fruits


   Skills:
 - Level 2.4 Dodging
 - Level 2.4 Stealth
 + Level 3.6 Spellcasting
 * Level 2.9 Conjurations
 * Level 4.2 Fire Magic


You had 2 spell levels left.
You knew the following spells:

 Your Spells              Type           Power        Failure   Level  Hunger
a - Flame Tongue          Conj/Fire      ###..        2%          1    None
b - Conjure Flame         Conj/Fire      ###.....     10%         3    ###....
c - Sticky Flame          Conj/Fire      ###.....     28%         4    ####...


Dungeon Overview and Level Annotations

Branches:
Dungeon (4/15)
 Temple: D:4-7

Altars:
Qazlal

Annotations:
D:4 Edmund, Grinder


Message History

Aiming: Flame Tongue
Press: ? - help, Shift-Dir - straight line, f/p - giant gecko
Aim: a giant gecko (almost dead, clinging)
The flame tongue hits the giant gecko.
The giant gecko appears unharmed.
The giant gecko is almost dead.
Casting: Flame Tongue
Confirm with . or Enter, or press ? or * to list all spells.
Aiming: Flame Tongue
Press: ? - help, Shift-Dir - straight line, f/p - giant gecko
Aim: a giant gecko (almost dead)
The flame tongue misses the giant gecko.
The giant gecko misses you.
Casting: Flame Tongue
Confirm with . or Enter, or press ? or * to list all spells.
Aiming: Flame Tongue
Press: ? - help, Shift-Dir - straight line, f/p - giant gecko
Aim: a giant gecko (almost dead)
The flame tongue misses the giant gecko.
The giant gecko bites you.
You die...

..# .. .. .#
####.#
#.?..#####
###.l.......
#...@.......
#...?..#####
#........#
....#.......#
.###........#
##......##
.#.....#
##.###### .


You could see a giant gecko.

Vanquished Creatures
  4 adders
  A gnoll (D:1)
  An ooze (D:4)
  A worm (D:2)
  3 giant cockroaches
  2 goblins (D:1)
  2 hobgoblins (D:2)
  6 bats (D:1)
  3 kobolds (D:1)
  4 rats
27 creatures vanquished.

Notes
Turn   | Place    | Note
-------+----------+-------------------------------------------
     0 | D:1      | 4thArraOfDagon the Deep Elf Fire Elementalist began the quest for the Orb.
     0 | D:1      | Reached XP level 1. HP: 10/10 MP: 6/6
    40 | D:1      | Reached XP level 2. HP: 10/15 MP: 1/8
   340 | D:3      | Noticed a sky beast
   369 | D:2      | Reached XP level 3. HP: 19/19 MP: 2/9
   374 | D:2      | Learned a level 3 spell: Conjure Flame
   387 | D:2      | Reached skill level 4 in Fire Magic
   517 | D:3      | Found a stormy altar of Qazlal.
   519 | D:3      | Noticed an air elemental
   520 | D:3      | Noticed a fire elemental
   520 | D:3      | Noticed an earth elemental
   520 | D:3      | Noticed a water elemental
   558 | D:4      | Reached XP level 4. HP: 6/24 MP: 2/11
   585 | D:4      | Learned a level 4 spell: Sticky Flame
   590 | D:4      | Noticed Edmund
   596 | D:4      | Noticed Grinder
   597 | D:4      | You fall through a shaft!
   597 | D:5      | Entered Level 5 of the Dungeon
   602 | D:5      | Slain by a giant gecko

Vault maps used:
D:1:      scummos_arrival_star
D:3:      minmay_tree_intersection, nicolae_qazlal_style_of_elements
D:4:      grunt_temple_overflow_open, first_bread, uniq_grinder, uniq_edmund,
          uniq_menkaure
D:5:      grunt_temple_overflow_diamond, fedhas_bush_and_centaur_altar,
          uniq_blork_the_orc

Skill      XL: |  1  2  3 |
---------------+----------+-----
Conjurations   | 2 |  2.9
Fire Magic     | 4 |  4.2
Dodging        | |  2.4
Stealth        | |  2.4
Spellcasting   | |  3.6

Action                   |  1- 3 |  4- 6 || total
-------------------------+-------+-------++-------
Melee: Short sword       |    31 |       ||    31
 Cast: Flame Tongue      |    44 |     8 ||    52
  Use: Potion            |       |     4 ||     4
 Stab: Sleeping          |     3 |       ||     3
Armor: Robe              |    14 |       ||    14
Dodge: Dodged            |    60 |     1 ||    61
